 Dungeon Crawl Stone Soup version 0.26-a0-597-gb535b0901c (webtiles) character file.

Game seed: 6742844715893274834

(classic levelgen) 12581 EnegeticOcto the Cleaver (level 11, -13/100 HPs)
             Began as a Deep Dwarf Fighter on Aug 25, 2020.
             Was an Initiate of Gozag.
             Killed from afar by an orc priest (34 damage)
             ... with an exploding inner flame
             ... hexed by the player character
             ... on level 2 of the Orcish Mines.
             The game lasted 00:06:27 (6487 turns).

EnegeticOcto the Cleaver (Deep Dwarf Fighter)       Turns: 6487, Time: 00:06:27

Health: -13/100    AC: 18    Str: 30    XL:     11   Next: 64%
Magic:  5/5        EV: 10    Int: 10    God:    Gozag
Gold:   2608       SH: 13    Dex: 12    Spells: 20/20 levels left

rFire    . . .     SeeInvis .   F - +3 war axe "Otutt" {flame, +Fly rElec rPois Str+8}
rCold    . . .     Faith    .   c - +1 kite shield
rNeg     . . .     Spirit   .   t - +0 plate armour
rPois    +         Reflect  .   (no helmet)
rElec    +         Harm     .   o - +0 cloak
rCorr    +                      (no gloves)
MR       +....                  r - +2 pair of boots {rampage}
Stlth    ..........             (no amulet)
HPRegen  0.00/turn              m - ring of resist corrosion
MPRegen  0.09/turn              (no ring)

@: mighty, gold aura, non-regenerating, hasted, lightly drained, very quick
A: damage resistance, heal wounds, sense surroundings 2, no regeneration
a: Heal Wounds, Potion Petition, Call Merchant, Bribe Branch, Renounce Religion,
Evoke Flight


You were on level 2 of the Orcish Mines.
You worshipped Gozag.
Gozag was most pleased with you.
You visited 2 branches of the dungeon, and saw 12 of its levels.
You also visited: Bailey.

You collected 3362 gold pieces.
You spent 161 gold pieces at shops.
You paid 593 gold pieces to Gozag.

Inventory:

Hand Weapons
 a - a +0 war axe
 F - the +3 war axe "Otutt" (weapon) {flame, +Fly rElec rPois Str+8}
   (You bought it in a shop on level 8 of the Dungeon)

   It has been specially enchanted to burn those struck by it, causing extra
   injury to most foes and up to half again as much damage against particularly
   susceptible opponents.
   Big, fiery blades are also staple armaments of hydra-hunters.
   It affects your strength (+8).
   It insulates you from electricity.
   It protects you from poison.
   It lets you fly.
Armour
 b - a +0 scale mail
 c - a +1 kite shield (worn)
 o - a +0 cloak (worn)
 r - a +2 pair of boots of rampaging (worn)
 t - a +0 plate armour (worn)
Jewellery
 g - an uncursed ring of poison resistance {unknown}
 m - a ring of resist corrosion (left hand)
Wands
 l - a wand of disintegration (20)
 z - a wand of digging (5) {@v3}
 B - a wand of iceblast (7)
Scrolls
 k - 6 scrolls of remove curse {@r2}
 u - 2 scrolls of enchant armour
 v - 4 scrolls of teleportation {@r3}
 x - a scroll of noise
 A - a scroll of enchant weapon
 C - a scroll of amnesia
 E - 3 scrolls of fear
Potions
 d - 3 potions of might {@q3}
 e - 2 potions of curing {@q1}
 f - 2 potions of berserk rage
 h - 4 potions of stabbing {@q5}
 i - 2 potions of heal wounds {@q2}
 j - a potion of lignification {@q7}
 n - 2 potions of flight
 p - a potion of haste {@q4}
 q - 2 potions of ambrosia
 s - 3 potions of brilliance
 D - a potion of mutation
Miscellaneous
 y - a phantom mirror


   Skills:
 + Level 7.3(7.2) Fighting
 * Level 11.4(11.3) Axes
 + Level 8.7(8.6) Armour
 + Level 6.9(6.8) Dodging
 + Level 8.7(8.6) Shields
 + Level 5.4(5.3) Spellcasting


You had 20 spell levels left.
You didn't know any spells.
Your spell library contained the following spells:

 Spells                   Type           Power        Failure   Level
 Confusing Touch          Hex            #.......     100%        3
 Gell's Gravitas          Tloc           #.........   100%        3
 Ignite Poison            Fire/Tmut/Pois #.......     100%        3
 Petrify                  Tmut/Erth      #.......     100%        4
 Fireball                 Conj/Fire      #.........   100%        5
 Metabolic Englaciation   Hex/Ice        #.........   100%        5
 Yara's Violent Unravell  Hex/Tmut       #.........   100%        5
 Starburst                Conj/Fire      #.........   100%        6
 Ignition                 Fire           #.........   100%        8


Dungeon Overview and Level Annotations

Branches:
Dungeon (10/15)            Temple (0/1) D:7            Lair (0/6) D:10
    Orc (2/2) D:10            Elf (0/3) Orc:2        Bailey (visited)

Altars:
Cheibriados
Gozag
Okawaru
Qazlal
Ru
Uskayaw

Shops:
D:7 (   D:8 *(


Innate Abilities, Weirdness & Mutations

You are resistant to damage.
You can heal yourself by infusing magical energy.
You passively map the area around you.
You do not regenerate.


Message History

An orc and 2 orc knights come into view.
The orc shouts! x2; The orc knight shouts!
You hear a shout! x2
An orc high priest comes into view. It is wielding a +0 halberd.
The orc priest invokes the aid of Beogh against you.
Pain shoots through your body!
* * * LOW HITPOINT WARNING * * *
The orc priest becomes distracted by the nearby gold, dreaming of imaginary riches.
The orc priest shouts!
Your magical essence is drained by the effort!
You feel much better.
The orc high priest shouts!
The orc warrior is no longer distracted by gold. x2
The orc priest invokes the aid of Beogh against you.
You easily resist.
You block the orc warrior's attack.
The orc priest becomes distracted by the nearby gold, dreaming of imaginary riches.
An orc knight comes into view.
It is wielding a +2 great mace of protection.
Evoke which item? (* to show all) (? for menu, Esc to quit)
Okay, then.
Really read the scroll of immolation?
As you read the scroll of immolation {@r4}, it crumbles to dust.
The creatures around you are filled with an inner flame!
The orc priest hits you but does no damage.
The orc priest invokes the aid of Beogh against you.
Beogh smites you!
The orc knight roars a battlecry!
The orcs go into a battle-frenzy!
The orc becomes distracted by the nearby gold, dreaming of imaginary riches.
The orc priest hits you but does no damage.
The orc warrior becomes distracted by the nearby gold, dreaming of imaginary riches.
The orc priest closely misses you.
The orc priest becomes distracted by the nearby gold, dreaming of imaginary riches.
You block the orc warrior's attack.
The orc priest becomes distracted by the nearby gold, dreaming of imaginary riches.
The orc warrior shouts!
The orc shouts!
The orc priest shouts! x2
You feel much better.
You hear a shout! x2
The orc becomes distracted by the nearby gold, dreaming of imaginary riches.
The orc warrior becomes distracted by the nearby gold, dreaming of imaginary riches.
The orc knight becomes distracted by the nearby gold, dreaming of imaginary riches.
The orc knight shouts!
You fail to use your ability.
The orc shouts!
The orc priest is no longer distracted by gold.
The orc warrior is no longer distracted by gold.
The orc priest calls down the wrath of Beogh upon you.
You easily resist.
The orc priest looks encouraged for a moment.
The orc becomes distracted by the nearby gold, dreaming of imaginary riches.
You block the orc warrior's attack.
An orc comes into view. It is wielding a +0 dagger.
The orc shouts!
You feel much better.
The orc priest hits you but does no damage.
You block the orc priest's attack.
The orc priest looks encouraged for a moment.
The orc priest hits you but does no damage.
The orc yells to no one in particular.
The orc hits you but does no damage.
You slice the orc priest!! You burn the orc priest.
The orc priest explodes!
The fiery explosion engulfs the orc warrior!!
Flame seeps out of the orc warrior.
The orc warrior is severely wounded.
The fiery explosion engulfs the orc priest!!
The orc priest explodes!
The fiery explosion engulfs the orc!!
The orc explodes!
The fiery explosion engulfs the orc priest!!!
The orc priest explodes!
The fiery explosion engulfs the orc priest!!
The orc priest explodes!
The fiery explosion engulfs the orc warrior!!!
The orc warrior explodes!
The fiery explosion engulfs the orc warrior!!
Flame seeps out of the orc warrior.
The orc warrior is severely wounded.
The orc warrior is no longer distracted by gold.
The fiery explosion engulfs the orc warrior!!!
The orc warrior explodes!
The fiery explosion engulfs the orc priest!!
The orc priest explodes!
The fiery explosion engulfs the orc priest!!
The orc priest explodes!
The fiery explosion engulfs the orc warrior!!
The orc warrior explodes!
The fiery explosion engulfs you!!
You hear an explosion!
The fiery explosion engulfs the orc!!
The orc explodes!
The fiery explosion engulfs you!!
* * * LOW HITPOINT WARNING * * *
The fiery explosion engulfs the orc priest!!!
The orc priest explodes!
The fiery explosion engulfs you.
* * * LOW HITPOINT WARNING * * *
The fiery explosion engulfs the orc!!
You kill the orc!
You feel a bit more experienced. The fiery explosion engulfs you!!!
You die...
Your body crumbles into a pile of gold.

#..............................
#.......$...$.................#
#........$...................##
#)).#...............#.......##.
#...#......$........#..........
#...#######$§§#######..........
#...# *#.$§§§.§## #..........
##..# #..#§§§#§§# #..........
#...# #..§§§§@§§# #...#...##.
##..# #...#§§§#§§.# #...##.##..
#### #....o§o....# #.. ## ##.
#....#ooo#...$# *, ##.
#.....o.o.....# * #..
#....#.oo#....# #..
.............# ##. ...#..o
....# #.. , , ##..


You could see 2 orc knights, an orc high priest (inner flame, strong), 3 orc
priests and 4 orcs.

Vanquished Creatures
  A two-headed ogre (D:10)
  A deep elf mage (D:7)
  2 orc knights
  2 orc sorcerers (Orc:2)
  A cyclops (Orc:2)
  Joseph (D:7)
  2 trolls
  2 slime creatures (D:7)
  2 hornets
  8 yaks (D:10)
  A vampire (D:9)
  2 wyverns (D:9)
  4 wargs
  A water moccasin (D:9)
  16 orc warriors
  A sky beast (D:9)
  A black bear (D:9)
  An ice beast (D:9)
  3 phantoms
  4 ogres
  3 wolves (D:10)
  A centaur (D:7)
  A big kobold (D:7)
  Blork the orc (D:5)
  A wyvern zombie (D:7)
  A gnoll sergeant (D:5)
  6 bullfrogs
  2 scorpions
  A wyvern skeleton (D:9)
  6 killer bees (D:7)
  4 wights (D:6)
  3 electric eels (D:10)
  3 howler monkeys (D:10)
  A centaur zombie (D:7)
  A bullfrog zombie (D:5)
  9 hounds
  13 orc priests
  3 jellies
  A bullfrog skeleton (D:5)
  5 iguanas
  11 orc wizards
  7 worker ants
  A hound skeleton (D:9)
  2 howler monkey zombies
  5 gnolls
  2 howler monkey skeletons
  10 adders
  2 shadow imps (D:7)
  A white imp (D:5)
  2 oozes
  An adder zombie (D:8)
  An adder skeleton (D:6)
  A leopard gecko (D:7)
  59 orcs
  A ball python (D:3)
  3 giant cockroaches
  5 goblins
  5 hobgoblins
  3 quokkas
  2 bats
  A frilled lizard (D:4)
  20 kobolds
  2 leopard gecko skeletons
  2 quokka skeletons (D:6)
  A quokka zombie (D:7)
  A rat (D:3)
273 creatures vanquished.

Vanquished Creatures (others)
  3 plants (D:7)
3 creatures vanquished.

Grand Total: 276 creatures vanquished

Notes
Turn   | Place    | Note
-------+----------+-------------------------------------------
     0 | D:1      | EnegeticOcto the Deep Dwarf Fighter began the quest for the
                  | Orb.
     0 | D:1      | Reached XP level 1. HP: 20/20 MP: 1/1
   212 | D:3      | Reached XP level 2. HP: 12/27 MP: 2/2
   319 | D:4      | Reached skill level 3 in Axes
   319 | D:4      | Reached XP level 3. HP: 30/34 MP: 1/1
   670 | D:4      | Noticed a scorpion
   690 | D:4      | Killed a scorpion
   690 | D:4      | Reached XP level 4. HP: 37/42 MP: 1/1
   710 | D:4      | Reached skill level 4 in Axes
   710 | D:4      | Reached XP level 5. HP: 43/49 MP: 2/2
   758 | D:4      | Found an opulent altar of Gozag.
   864 | D:4      | Became a worshipper of Gozag Ym Sagoz the Greedy
  1180 | D:5      | Entered Level 5 of the Dungeon
  1212 | D:5      | Reached XP level 6. HP: 43/56 MP: 3/3
  1251 | D:5      | Reached skill level 5 in Axes
  1458 | D:5      | Reached XP level 7. HP: 56/64 MP: 3/3
  1656 | D:5      | Noticed Blork the orc
  1670 | D:5      | Killed Blork the orc
  1777 | D:5      | Reached skill level 5 in Shields
  1835 | D:5      | Reached skill level 1 in Spellcasting
  1907 | D:5      | Reached skill level 5 in Armour
  2037 | D:6      | Identified 2 scrolls of acquirement
  2037 | D:6      | Acquired 490 gold pieces
  2039 | D:6      | Acquired a +2 pair of boots of rampaging
  2065 | D:6      | You fall into a shaft and drop 3 floors!
  2076 | D:9      | Reached skill level 6 in Axes
  2076 | D:9      | Reached skill level 1 in Dodging
  2176 | D:9      | Noticed a wyvern
  2176 | D:9      | Noticed a hornet
  2181 | D:9      | Paralysed by a hornet for 1 turns
  2195 | D:9      | Killed a wyvern
  2195 | D:9      | Reached XP level 8. HP: 69/73 MP: 2/2
  2209 | D:9      | Paralysed by a hornet for 1 turns
  2211 | D:9      | Paralysed by a hornet for 1 turns
  2222 | D:9      | Killed a hornet
  2236 | D:8      | Found Kynopa's Assorted Antiques.
  2333 | D:8      | Reached skill level 7 in Axes
  2459 | D:7      | Reached skill level 5 in Fighting
  2535 | D:7      | Found a staircase to the Ecumenical Temple.
  2540 | D:7      | Identified the cursed +0 scale mail "Xobe" {rPois rC+ rN+}
  2550 | D:7      | Gained mutation: You passively map the area around you.
                  | [Deep Dwarf growth]
  2550 | D:7      | Reached XP level 9. HP: 62/81 MP: 1/3
  2646 | D:7      | Reached skill level 8 in Axes
  2695 | D:7      | Noticed Joseph
  2714 | D:7      | Killed Joseph
  2817 | D:7      | Found a flagged portal.
  2831 | Bailey   | Entered a bailey
  2931 | Bailey   | Noticed an orc knight
  2952 | Bailey   | Killed an orc knight
  2965 | Bailey   | Reached skill level 9 in Axes
  3203 | D:7      | Noticed a deep elf mage
  3220 | D:7      | Reached XP level 10. HP: 49/91 MP: 4/4
  3238 | D:7      | Killed a deep elf mage
  3371 | D:7      | Reached skill level 5 in Dodging
  4450 | D:8      | Found Dow Uzot's Antique Weapon Shoppe.
  4460 | D:8      | Bought a transparent war axe for 161 gold pieces
  4460 | D:8      | Identified the +3 war axe "Otutt" {flame, +Fly rElec rPois
                  | Str+8} (You bought it in a shop on level 8 of the Dungeon)
  4543 | D:8      | Found an opulent altar of Gozag.
  4544 | D:8      | Found a hide-covered altar of Uskayaw.
  4544 | D:8      | Found a sacrificial altar of Ru.
  4544 | D:8      | Found a snail-covered altar of Cheibriados.
  4552 | D:8      | Found a stormy altar of Qazlal.
  4554 | D:8      | Found an iron altar of Okawaru.
  5012 | D:10     | Entered Level 10 of the Dungeon
  5018 | D:10     | Reached skill level 10 in Axes
  5021 | D:10     | Found a staircase to the Lair.
  5070 | D:10     | Noticed a two-headed ogre
  5072 | D:10     | Found a staircase to the Orcish Mines.
  5080 | D:10     | Killed a two-headed ogre
  5162 | D:10     | Reached XP level 11. HP: 71/99 MP: 7/7
  5656 | Orc:1    | Entered Level 1 of the Orcish Mines
  5658 | Orc:1    | Noticed an orc knight
  5684 | Orc:1    | Reached skill level 5 in Spellcasting
  5706 | Orc:1    | Killed an orc knight
  5741 | Orc:1    | Reached skill level 11 in Axes
  6144 | Orc:2    | Entered Level 2 of the Orcish Mines
  6216 | Orc:2    | Found a staircase to the Elven Halls.
  6351 | Orc:2    | Noticed an orc sorcerer
  6360 | Orc:2    | Paralysed by an orc sorcerer for 2 turns
  6363 | Orc:2    | Killed an orc sorcerer
  6388 | Orc:2    | Noticed an orc sorcerer
  6400 | Orc:2    | Killed an orc sorcerer
  6481 | Orc:2    | Noticed an orc knight
  6481 | Orc:2    | Noticed an orc knight
  6481 | Orc:2    | Noticed an orc high priest
  6482 | Orc:2    | Noticed an orc knight
  6487 | Orc:2    | Killed from afar by an orc priest

Illustrated notes

Levels and vault maps discovered:
D:1:      mrwooster_arrival_statue_3, layout_basic, minmay_misc_feat_roman
D:2:      layout_rooms, kiku_gazebo_garden_becter
D:3:      layout_basic, minmay_divided_ellipse, uniq_crazy_yiuf_cottage
D:4:      layout_loops_corners, chequers_decorated_corner, minivault_26,
          grunt_gozag_breadcrumbs
D:5:      layout_gridville, serial_glass, glass_columns_b, glass_columns_a,
          water_boxes_lemuel, uniq_blork_the_orc
D:6:      layout_basic
D:7:      layout_cave_pools, minmay_temple_entry_stoned_glass, enter_bailey_3,
          minmay_shattered_shrine, uniq_joseph
D:8:      layout_cave_pools, minmay_overflow_temple_hex, serial_shops, shop,
          shop
D:9:      layout_roguey
D:10:     layout_cave_pools, erik_lair_island, david_orc_2
Orc:1:    layout_caves
Orc:2:    st_orc_pillars, layout_diamond_mine

Skill      XL: |  1  2  3  4  5  6  7  8  9 10 11 |
---------------+----------------------------------+-----
Fighting       | 3 4 5 6 7 |  7.3
Axes           | 3 4 5 6 7 9 10 11 | 11.4
Armour         | 4 5 6 7 8 |  8.7
Shields        | 4 5 6 7 8 |  8.7
Spellcasting   | 1 2 3 4 5 |  5.4
Dodging        | 1 3 4 6 |  6.9

Action                   |  1- 3 |  4- 6 |  7- 9 | 10-12 || total
-------------------------+-------+-------+-------+-------++-------
Melee: War axe           |    92 |    90 |   419 |   389 ||   990
Invok: Potion Petition   |       |       |     1 |       ||     1
       Call Merchant     |       |       |       |     1 ||     1
 Abil: Heal Wounds       |     3 |     3 |    19 |    20 ||    45
Evoke: Wand              |       |       |       |     3 ||     3
  Use: Scroll            |       |       |     8 |    12 ||    20
       Potion            |       |       |     1 |     3 ||     4
 Stab: Distracted        |       |       |     2 |     2 ||     4
Armor: Scale mail        |    58 |    26 |    77 |       ||   161
       Plate armour      |       |       |   116 |   121 ||   237
       Skin              |       |       |     7 |       ||     7
Dodge: Dodged            |    23 |    22 |   119 |    91 ||   255
Block: Kite shield       |    44 |    41 |   293 |   232 ||   610

Table legend: (Time is in decaauts)
 A = Elapsed time spent in this place.
 B = Non-inter-level travel time spent in this place.
 C = Inter-level travel time spent in this place.
 D = Time resting spent in this place.
 E = Time spent auto-exploring this place.
 F = Levels seen in this place.
 G = Mean time per level.
                   A        B        C        D        E       F      G
               +--------+--------+--------+--------+--------+-----+--------+
         Total |   6681 |   6411 |    270 |      0 |   4382 |  13 |  513.9 |
       Dungeon |   5592 |   5333 |    259 |      0 |   3814 |  10 |  559.2 |
  Orcish Mines |    826 |    815 |     11 |      0 |    561 |   2 |  413.0 |
        Bailey |    263 |    263 |      0 |      0 |      7 |   1 |  263.0 |
               +--------+--------+--------+--------+--------+-----+--------+

Top non-repeatable levels by time:
     D:4: 938 daAuts
     D:7: 902 daAuts
     D:6: 891 daAuts
     D:5: 880 daAuts
    D:10: 656 daAuts
     D:9: 556 daAuts
   Orc:1: 486 daAuts
     D:8: 472 daAuts
   Orc:2: 339 daAuts
  Bailey: 263 daAuts
     D:3: 179 daAuts
     D:1: 85 daAuts
     D:2: 29 daAuts
